[Event "Early-Titled-Tuesday-Blitz-May-28-2024"]
[Site "Chess.com"]
[Date "2024.05.28"]
[Round "4"]
[White "Navyblue1"]
[Black "Actuary44"]
[Result "0-1"]
[WhiteElo "2245"]
[BlackElo "2462"]
[TimeControl "180+1"]
[EndTime "8:40:33 PDT"]
[Termination "Actuary44 won by resignation"]

1. d4 Nf6 2. c4 g6 3. Nc3 Bg7 4. e4 d6 5. Nf3 O-O 6. Bg5 c5 7. d5 Na6 8. Qd2 Nc7 9. h4 h5 10. Be2 a6 11. a4 Rb8 12. a5 b5 13. axb6 Rxb6 14. Nh2 Bd7 15. Nf1 Qb8 16. Ra2 e6 17.
Ne3 exd5 18. exd5 Re8 19. O-O Ne4 20. Nxe4 Rxe4 21. Bd3 Re8 22. Rb1 Qb7 23. Nd1 Rb8 24. Bh6 Ne8 25. Bxg7 Nxg7 26. Ne3 Qc8 27. Qc2 Qd8 28. g3 Qf6 29. b3 Bh3 30. Bf1 Bf5 31. Bd3 Bh3 32. Bf1 Bxf1 33. Kxf1 Qf3 34. Kg1 Ne8 35.
Rab2 Nf6 36. Qd1 Qxd1+ 37. Nxd1 Ne4 38. Kg2 a5 39. f3 Nf6 40. Kf2 Nd7 41. Nc3 Ne5 42.
Na4 Rb4 43. Ke3 Re8 44. Kd2 Nxf3+ 45. Kd3 Ne5+ 46. Kd2 Rxa4 47. bxa4 Nxc4+ 48. Kc3 Nxb2 49. Rxb2 Re3+ 50. Kc4 Re4+ 51. Kb5 Rb4+ 52. Rxb4 cxb4 53.
Kxa5 b3 54. g4 b2 55. gxh5 gxh5 56. Ka6 b1=Q 57. a5 Qd3+ 58. Ka7 Qxd5 59. a6 Qb5 60. Ka8 Qxa6+ 61. Kb8 d5 0-1

[Event "Early-Titled-Tuesday-Blitz-May-28-2024"]
[Site "Chess.com"]
[Date "2024.05.28"]
[Round "4"]
[White "lachesisQ"]
[Black "MarkusRagger"]
[Result "1-0"]
[WhiteElo "3096"]
[BlackElo "2796"]
[TimeControl "180+1"]
[EndTime "8:40:34 PDT"]
[Termination "lachesisQ won by resignation"]

1. e4 e5 2. Nf3 Nc6 3. Bb5 a6 4. Ba4 Bc5 5. O-O Nge7 6. c3 Ba7 7. d4 Ng6 8. Bg5 f6 9. Be3 O-O 10. Nbd2 Kh8 11. Re1 exd4 12. Nxd4 Nxd4 13. Bxd4 Bxd4 14. cxd4 d5 15. exd5 Qxd5 16. Ne4 Qd8 17. d5 b6 18. d6 Bb7 19. dxc7 Qxc7 20. Rc1 Qf4 21. g3 Qb8 22. f4 b5 23. Bb3 Qa7+ 24. Nc5 Rad8 25. Qe2 Bd5 26. Qf2 Bxb3 27. axb3 Rd6 28. Ne6 Qxf2+ 29. Kxf2 Re8 30. Re2 Kg8 31. Nc7 Rxe2+ 32.
Kxe2 Ne7 33. Rd1 Rc6 34. Rd7 Nf5 35. Nd5 Rc2+ 36. Kd3 Rxb2 37. Ke4 Nh6 38. Nc7 Rxb3 39. Ne6 Nf7 40. Ra7 Rb4+ 41. Kd5 Nh6 42. Rxg7+ Kh8 43. Ra7 Rb1 44. g4 Rd1+ 45. Kc6 b4 46. g5 fxg5 47. fxg5 Ng8 48. Rxa6 b3 49. Rb6 Re1 50. Kd6 Re3 51.
h4 Rh3 52. Rb4 b2 53. Rxb2 Rxh4 54. Rb8 Rg4 55. Ke5 h6 56. Kf5 Rxg5+ 57. Nxg5 hxg5 58. Kg6 g4 59. Kf7 g3 60. Rxg8+ Kh7 61.
Rxg3 1-0

[Event "Early-Titled-Tuesday-Blitz-May-28-2024"]
[Site "Chess.com"]
[Date "2024.05.28"]
[Round "4"]
[White "Flaccidmoves"]
[Black "viktorskliarov"]
[Result "1-0"]
[WhiteElo "2489"]
[BlackElo "2629"]
[TimeControl "180+1"]
[EndTime "8:40:36 PDT"]
[Termination "Flaccidmoves won by checkmate"]

1. d4 Nf6 2. c4 e6 3. Nc3 Bb4 4.
e3 b6 5. Qf3 Nc6 6. Bd3 Bxc3+ 7. bxc3 Bb7 8. Ne2 O-O 9. O-O Na5 10. Qh3 Be4 11. Bxe4 Nxe4 12. f3 Nf6 13. c5 bxc5 14. dxc5 Qc8 15. e4 Qa6 16. Nd4 Qc4 17. Bg5 Qxc3 18.
Bxf6 gxf6 19. Rfd1 Qxc5 20. Rac1 Qe5 21. Ne2 Rad8 22.
Ng3 Kh8 23. Nh5 Rg8 24. f4 Qb2 25. g3 Nc6 26. Qg2 Qxg2+ 27. Kxg2 Rgf8 28. Nxf6 Nb4 29. a3 Na6 30. Nxd7 Rfe8 31. e5 Nb8 32. Nf6 Rf8 33. Rxd8 Rxd8 34. Rxc7 Kg7 35. Rxa7 Nc6 36. Rc7 Na5 37.
a4 Rd4 38. Rc8 h5 39. Rg8+ Kh6 40. Rh8+ Kg7 41. Rxh5 Rxa4 42. Rg5+ Kh6 43. Rg8 Nc4 44. g4 Ne3+ 45. Kf3 Nxg4 46. Kxg4 Ra2 47. Rh8+ Kg7 48. Rh3 Ra1 49. Rg3 Kh6 50. h4 Ra2 51. Ne4 Ra1 52.
Ng5 Kg7 53. h5 Rh1 54. Rh3 Rg1+ 55. Kf3 Rf1+ 56. Ke3 Ra1 57. h6+ Kg6 58. h7 Ra2 59. Kd4 Ra4+ 60. Kc5 Rxf4 61. h8=Q Kxg5 62. Qh5# 1-0

[Event "Early-Titled-Tuesday-Blitz-May-28-2024"]
[Site "Chess.com"]
[Date "2024.05.28"]
[Round "4"]
[White "ccccvhhhj"]
[Black "Mikhail_Golubev"]
[Result "1-0"]
[WhiteElo "2474"]
[BlackElo "2623"]
[TimeControl "180+1"]
[EndTime "8:40:36 PDT"]
[Termination "ccccvhhhj won on time"]

1. e4 c5 2. Nf3 d6 3. d4 Nf6 4. Nc3 cxd4 5. Nxd4 g6 6. Be3 Bg7 7. f3 Nc6 8. Qd2 O-O 9. g4 h5 10. gxh5 Nxh5 11. O-O-O Nxd4 12. Bxd4 Bxd4 13. Qxd4 Be6 14. Bc4 Bxc4 15. Qxc4 Rc8 16. Qd4 Qc7 17. Rhg1 Qc5 18. Qd2 Qa5 19. a3 Rc5 20. Kb1 Rxc3 21. Qxc3 Qxc3 22.
bxc3 Rc8 23. Kb2 Kg7 24. Rd5 Nf4 25. Rb5 b6 26. Re1 Ne6 27. Rd5 Nc5 28. Re3 Rc6 29.
h4 e6 30. Rd1 Kf6 31. Rh1 Na4+ 32. Kb3 Nc5+ 33. Kb2 Na4+ 34. Kc1 Nxc3 35. h5 gxh5 36. Rxh5 Ke7 37. Rh8 Nb5 38. Kb2 e5 39. Rh4 Nd4 40. Rc3 Rxc3 41. Kxc3 Nxf3 42. Rh8 Nd4 43. Ra8 Ke6 44.
Kd3 Nc6 45. Rc8 Kd7 46. Rf8 Ke7 47. Rc8 Kd7 48. Rf8 Ke7 49. Rh8 Ke6 50. c3 Kd7 51.
Rh2 Ke6 52. Kc4 Kd7 53. Rh7 Ke6 54. Kb5 Nd8 55. Ka6 Nc6 56. Kb7 Na5+ 57. Kxa7 Nc4 58. a4 Nd2 59. Kxb6 Nxe4 60. a5 Nxc3 61. a6 Na4+ 62.
Kc6 Nc3 63. a7 Nd5 64. a8=Q 1-0

[Event "Early-Titled-Tuesday-Blitz-May-28-2024"]
[Site "Chess.com"]
[Date "2024.05.28"]
[Round "4"]
[White "RantomOpening"]
[Black "eagleclaw07"]
[Result "0-1"]
[WhiteElo "2575"]
[BlackElo "2832"]
[TimeControl "180+1"]
[EndTime "8:40:37 PDT"]
[Termination "eagleclaw07 won by resignation"]

1. c4 Nf6 2. Nf3 g6 3. Nc3 Bg7 4. e4 d6 5. d4 O-O 6. Be2 Nc6 7. Be3 e5 8. O-O Ng4 9. Bg5 f6 10. Bc1 f5 11. exf5 gxf5 12. dxe5 Ncxe5 13. Nxe5 Nxe5 14. Bf4 Kh8 15. Qd2 Be6 16. b3 Qf6 17. Rad1 Rae8 18. Nb5 Rf7 19. Bxe5 dxe5 20. Bh5 Bh6 21.
Qb4 Rg8 22. Bxf7 Qxf7 23. Qc5 Qg7 24. g3 c6 25. Nd6 f4 26. Rfe1 fxg3 27. hxg3 Bf4 28.
Ne4 Bf5 29. Rd3 Qg6 30. Qd6 Bxe4 31. Rxe4 Qf5 32. Qe7 h5 33. Rxf4 exf4 34. Qe2 h4 35. Rf3 hxg3 36. fxg3 Rxg3+ 37. Rxg3 fxg3 38. Kg2 Qf4 39. Qe8+ Kg7 40. Qe7+ Kg6 41. Qe6+ Kg5 42. Qg8+ Kf5 43.
Qxg3 Qxg3+ 44. Kxg3 Ke4 45. Kf2 Kd3 46. Ke1 Kc2 47.
Ke2 Kb2 48. Kd2 Kxa2 49. Kc3 c5 50. b4 b6 51. bxc5 bxc5 52. Kc2 Ka3 53. Kc3 a5 54. Kc2 Kb4 55. Kd3 Kb3 56. Kd2 Kxc4 57. Kc2 Kb4 58. Kb2 a4 59. Ka2 a3 60. Kb1 Kb3 61. Ka1 c4 62. Kb1 Kc3 63. Ka1 Kd2 64. Kb1 c3 65. Ka1 c2 0-1

[Event "Early-Titled-Tuesday-Blitz-May-28-2024"]
[Site "Chess.com"]
[Date "2024.05.28"]
[Round "4"]
[White "ClauAmura"]
[Black "Alexchess1984"]
[Result "1/2-1/2"]
[WhiteElo "2419"]
[BlackElo "2614"]
[TimeControl "180+1"]
[EndTime "8:40:37 PDT"]
[Termination "Game drawn by repetition"]

1. d4 e6 2. c4 f5 3. Nc3 Nf6 4. e3 Bb4 5. Qc2 b6 6. Nf3 Bb7 7. Bd3 O-O 8. Bd2 d6 9. a3 Bxc3 10.
Bxc3 Nbd7 11. b4 Qe8 12. Qe2 a5 13. bxa5 bxa5 14. Rb1 Be4 15. O-O Qh5 16. Rb5 a4 17.
Nd2 Qg6 18. f3 Bxd3 19. Qxd3 c6 20. Rb7 c5 21. Rfb1 e5 22. d5 e4 23. Qe2 exf3 24.
Qxf3 Rae8 25. Qf4 Ne5 26. Bxe5 Rxe5 27. Ra7 h6 28. Rbb7 Nh5 29. Qf3 Rfe8 30. Nf1 Qg5 31. Ng3 Rxe3 32. Nxh5 Re1+ 33. Kf2 R8e2+ 34. Qxe2 Rxe2+ 35. Kxe2 Qxh5+ 36. Kd3 Qd1+ 37. Ke3 Qc1+ 38. Kd3 Qxa3+ 39.
Ke2 Qa2+ 40. Kf1 Qa1+ 41. Kf2 Qa2+ 42. Kg3 Qa3+ 43. Kf4 Qc1+ 44. Kxf5 Qf1+ 45. Ke6 Qf6+ 46. Kd7 Kf7 47. Kc6+ Kg6 48. Rxa4 Kh5 49. Raa7 g5 50. Rd7 Qe5 51. Rxd6 Qxh2 52. Rh7 Qxg2 53. Rhxh6+ Kg4 54. Rdg6 Qa2 55. d6 Qxc4 56. d7 Qe4+ 57.
Kc7 Qe5+ 58. Kc8 Qf5 59. Kc7 Qe5+ 60. Kc8 Qf5 61. Kc7 Qe5+ 1/2-1/2

[Event "Early-Titled-Tuesday-Blitz-May-28-2024"]
[Site "Chess.com"]
[Date "2024.05.28"]
[Round "4"]
[White "ritanovikova"]
[Black "KorolDimitriy75"]
[Result "0-1"]
[WhiteElo "2167"]
[BlackElo "2374"]
[TimeControl "180+1"]
[EndTime "8:40:37 PDT"]
[Termination "KorolDimitriy75 won on time"]

1. d4 c5 2. d5 Nf6 3. c4 b5 4. cxb5 a6 5. bxa6 Bxa6 6. Nc3 g6 7. e4 Bxf1 8. Kxf1 d6 9. Nf3 Bg7 10. g3 O-O 11. Kg2 Nbd7 12. h3 Ra6 13. Qe2 Qa8 14.
a3 Nb6 15. Rd1 Na4 16. Nxa4 Rxa4 17. e5 Nxd5 18. exd6 exd6 19. Qd3 Rd4 20. Qc2 Rb8 21.
Rxd4 Bxd4 22. Kh2 Nb4 23. Qe2 Re8 24. Qd1 Bxf2 25. Bf4 Nc6 26. Qf1 Nd4 27. Nxd4 Bxd4 28. Rb1 Qe4 29. Bxd6 Qc2+ 30. Kh1 Re2 31. g4 Rh2+ 32.
Bxh2 Qe4+ 33. Qg2 Qxb1+ 34. Bg1 Bxb2 35. Qa8+ Kg7 36. Qb7 Qc2 37. a4 Bd4 38. a5 Qd3 39. Bxd4+ cxd4 40. Kg2 Qe2+ 41. Kg3 Qe3+ 42. Kg2 Qe2+ 43.
Kg3 Qe1+ 44. Kg2 Qxa5 45. Qd5 Qd2+ 46. Kf3 Qe3+ 47. Kg2 h6 48. h4 d3 49. g5 hxg5 50.
hxg5 d2 51. Qd8 Qe2+ 52. Kg3 d1=Q 53. Qf6+ Kg8 54. Qxf7+ Kxf7 0-1

[Event "Early-Titled-Tuesday-Blitz-May-28-2024"]
[Site "Chess.com"]
[Date "2024.05.28"]
[Round "4"]
[White "Keranke"]
[Black "Kunalm64"]
[Result "0-1"]
[WhiteElo "2889"]
[BlackElo "2671"]
[TimeControl "180+1"]
[EndTime "8:40:38 PDT"]
[Termination "Kunalm64 won by resignation"]

1. d4 Nf6 2. Bf4 b6 3. Nf3 Bb7 4. h3 d6 5. e3 Nbd7 6. c3 g6 7.
Nbd2 Bg7 8. Bh2 O-O 9. Bd3 Re8 10. O-O e5 11. dxe5 Nxe5 12. Nxe5 dxe5 13. Bb5 Re7 14. Nf3 Ne4 15. a4 a6 16. Bc4 Rd7 17. Qe2 Nd2 18. Nxe5 Bxe5 19. Bxe5 Nxf1 20. Rxf1 Qg5 21.
f4 Qe7 22. Rf2 Rad8 23. Qc2 Bd5 24. Bxd5 Rxd5 25. e4 R5d7 26. b4 f6 27. Bd4 c5 28.
bxc5 bxc5 29. Be3 Rd3 30. Re2 Qxe4 31. Bxc5 Rd1+ 32. Kh2 Qxf4+ 33. g3 Qd2 34. Qb3+ Qd5 35. Qxd5+ R8xd5 36. Bd4 Kf7 37. Rb2 Rd6 38. Rb7+ Ke6 39.
Rxh7 Rd2+ 40. Kg1 Ra2 41. Rg7 g5 42. g4 Rxa4 43. Kf2 Ra2+ 44. Kg3 a5 45. h4 gxh4+ 46. Kxh4 a4 47. Kh5 Rh2+ 48. Kg6 Rg2 49. Kh5 Rd5+ 50. Kh4 Rg5 51. Ra7 R2xg4+ 52. Kh3 Rg3+ 53. Kh2 Rg2+ 54.
Kh3 R5g3+ 55. Kh4 Rg7 56. Kh3 Rxa7 57. Kxg2 a3 0-1

[Event "Early-Titled-Tuesday-Blitz-May-28-2024"]
[Site "Chess.com"]
[Date "2024.05.28"]
[Round "4"]
[White "hsd2016"]
[Black "alreadybroken23"]
[Result "1-0"]
[WhiteElo "2429"]
[BlackElo "2608"]
[TimeControl "180+1"]
[EndTime "8:40:38 PDT"]
[Termination "hsd2016 won on time"]

1. Nf3 Nf6 2. g3 d5 3. b3 e6 4. Bb2 Be7 5. Bg2 O-O 6. O-O c5 7. c4 d4 8. e3 Nc6 9. Na3 e5 10.
exd4 exd4 11. d3 Bd6 12. Nc2 a5 13. a3 Re8 14. Qd2 h6 15. b4 axb4 16. axb4 Rxa1 17. Rxa1 Bf5 18. bxc5 Bxc5 19. Rd1 Qb6 20. Na3 Qb3 21. Nb5 Bb4 22. Nbxd4 Qa2 23. Qc1 Nxd4 24. Nxd4 Bxd3 25. Bxb7 Qxc4 26. Qxc4 Bxc4 27. Nf5 Re2 28. Nxh6+ Kh7 29. Bxf6 gxf6 30. Ng4 Bc5 31. Nxf6+ Kg7 32. Ne4 Ba7 33.
Kg2 Be6 34. Kf3 Rb2 35. Bd5 Bxd5 36. Rxd5 Rb3+ 37. Kg4 Rb4 38. Kf5 Rb2 39. h4 Bxf2 40. Rd7 Be1 41. Kg4 Rb4 42. Kf3 Rb3+ 43. Kf4 Bb4 44. Ng5 Kg6 45. Nxf7 Bd2+ 46. Kg4 Rb4+ 47.
Kf3 Bc3 48. Ng5 Bf6 49. Rd6 Kh5 50. Rxf6 Rb3+ 51. Ke4 Kg4 52. Ne6 Rxg3 53. Rg6+ Kxh4 54. Rh6+ Kg4 55. Rh8 Rh3 56. Rg8+ Kh4 57. Kf4 1-0

[Event "Early-Titled-Tuesday-Blitz-May-28-2024"]
[Site "Chess.com"]
[Date "2024.05.28"]
[Round "4"]
[White "mind1mover"]
[Black "2Coaches1Profile"]
[Result "0-1"]
[WhiteElo "2823"]
[BlackElo "2592"]
[TimeControl "180+1"]
[EndTime "8:40:41 PDT"]
[Termination "2Coaches1Profile won by resignation"]

1. e4 Nf6 2. e5 Nd5 3. d4 d6 4.
Nf3 Nc6 5. e6 fxe6 6. Bd3 Ndb4 7. Be2 e5 8. dxe5 Bf5 9. Na3 dxe5 10. O-O e4 11. Nh4 e6 12. Nxf5 exf5 13. c3 Qxd1 14. Rxd1 Nd3 15. Nb5 O-O-O 16. Bxd3 exd3 17. Be3 Bd6 18. Nd4 f4 19. Nxc6 bxc6 20. Bd4 Rd7 21. c4 f3 22. g3 Bxg3 23. Bxa7 Bf4 24. Be3 Rf8 25. Rd2 Rf5 26. Rad1 Be5 27. b3 Rf6 28. Rxd3 Rg6+ 29. Kh1 Rxd3 30. Rxd3 Rg2 31. h3 Rh2+ 32. Kg1 Rxh3 33. a4 Kb7 34. Rd7 h5 35. Re7 Bh2+ 36. Kf1 Bd6 37. Rxg7 Rh1+ 38. Rg1 Rh2 39. Ke1 h4 40.
Kd2 h3 41. Kd3 Rg2 42. Rh1 h2 43. Ke4 Rg1 44. Rxh2 Bxh2 45. Kxf3 Rb1 46. Ke4 Rxb3 47. f4 Rb4 48. Kd3 Rxa4 49. f5 Be5 50. Bc5 Ra8 51. Ke4 Bf6 52. Kf4 Rg8 53. Be3 Bg5+ 54. Ke4 Bxe3 55.
Kxe3 Rf8 56. Kf4 Kb6 57. Ke5 Kc5 58. Ke6 Kxc4 59. f6 Rxf6+ 60. Kxf6 Kd5 61. Kf5 c5 62. Kf4 Kd4 63. Kf3 Kd3 64. Kf2 Kd2 65. Kf3 c4 66. Ke4 c3 67. Kd4 c2 68. Kd5 c1=Q 69. Ke6 c5 0-1

[Event "Early-Titled-Tuesday-Blitz-May-28-2024"]
[Site "Chess.com"]
[Date "2024.05.28"]
[Round "4"]
[White "nabukatnezarr"]
[Black "LionelMessiFCB"]
[Result "1-0"]
[WhiteElo "2671"]
[BlackElo "2491"]
[TimeControl "180+1"]
[EndTime "8:40:41 PDT"]
[Termination "nabukatnezarr won by resignation"]

1. b3 e5 2. Bb2 Nc6 3. e3 Nf6 4. Bb5 e4 5. d3 a6 6. Bxc6 dxc6 7. dxe4 Qxd1+ 8. Kxd1 Nxe4 9. Ke2 f6 10. Nf3 Bc5 11.
Nbd2 Nxd2 12. Nxd2 Be6 13. Rad1 O-O-O 14. Nf3 Bf5 15.
Rxd8+ Rxd8 16. Rc1 Rd7 17. h3 Be4 18. Ne1 Bb4 19.
c3 Bd6 20. Rd1 Be5 21. Rxd7 Kxd7 22. f4 Bd6 23. g4 a5 24. h4 c5 25. g5 fxg5 26. hxg5 g6 27. Nd3 Ke6 28. c4 b6 29.
a4 Kf5 30. Bg7 c6 31. Kd2 Ke6 32. Kc3 Kf7 33. Be5 Bxe5+ 34. Nxe5+ Ke6 35. Ng4 Bf5 36. Nf2 Kf7 37. e4 Bd7 38. Nd3 Ke6 39. Ne5 Be8 40. Ng4 Bf7 41. Kd3 Ke7 42. Ne5 Be8 43. Ng4 Kf8 44. Nf6 Bf7 45. Nxh7+ Ke7 46. Nf6 Kd6 47. Ng4 Be6 48. Ne3 Ke7 49. f5 Bf7 50. f6+ Ke6 51. Ng4 Kd6 52. Ke3 Be6 53. Kf4 Kd7 54. Ne5+ Kd6 55. Nxg6 b5 56. e5+ Kc7 57. Nf8 Bf7 58. g6 Bxc4 59. bxc4 bxa4 60. g7 a3 61. g8=Q a2 62.
Qg1 a1=Q 63. Qxa1 1-0

[Event "Early-Titled-Tuesday-Blitz-May-28-2024"]
[Site "Chess.com"]
[Date "2024.05.28"]
[Round "4"]
[White "gabduschew"]
[Black "Blitz_Lover1"]
[Result "0-1"]
[WhiteElo "2316"]
[BlackElo "2544"]
[TimeControl "180+1"]
[EndTime "8:40:42 PDT"]
[Termination "Blitz_Lover1 won by resignation"]

1. e4 c5 2. Nf3 e6 3. d4 cxd4 4. Nxd4 a6 5. c4 Nf6 6. Nc3 b6 7. Bd3 Qc7 8. O-O Bb7 9. Qe2 d6 10. b3 Nbd7 11. Bb2 Be7 12. Rae1 O-O 13. Kh1 Rac8 14.
f4 Nc5 15. Bb1 d5 16. e5 Nfe4 17. Nxe4 dxe4 18. f5 exf5 19. Nxf5 Rce8 20. Qg4 Ne6 21. Nh6+ Kh8 22. Nxf7+ Rxf7 23. Rxf7 Qc8 24. h4 Bc5 25. Bxe4 Bxe4 26. Qxe4 Qd8 27. Ref1 h6 28. Qg4 Rg8 29. Kh2 Qe8 30. Bc1 Nf8 31. Qh5 Nh7 32. Qg6 Nf8 33. Bf4 Nxg6 34. Bg3 Nxe5 35. Bxe5 Qxe5+ 36. g3 Bd6 37.
R7f3 Re8 38. Kh3 Kh7 39. h5 Qxh5+ 40. Kg2 Re2+ 41. R1f2 Rxf2+ 42. Rxf2 Qg4 43. Rf3 h5 44. Kf2 h4 45. gxh4 Qxh4+ 46. Ke3 Qg5+ 47. Ke2 g6 48.
Rh3+ Kg7 49. Rf3 Qe5+ 50. Kd3 g5 51. Rh3 g4 52. Re3 g3 53. Rxe5 Bxe5 54. Ke4 g2 55. Kxe5 g1=Q 56. Kd5 Qa1 57. Kc6 Qxa2 58. Kxb6 Qxb3+ 59. Kc5 a5 60. Kd5 a4 0-1

[Event "Early-Titled-Tuesday-Blitz-May-28-2024"]
[Site "Chess.com"]
[Date "2024.05.28"]
[Round "4"]
[White "EgorYakovlev"]
[Black "salomez"]
[Result "1/2-1/2"]
[WhiteElo "2513"]
[BlackElo "2314"]
[TimeControl "180+1"]
[EndTime "8:40:43 PDT"]
[Termination "Game drawn by repetition"]

1. e4 c5 2. Nf3 e6 3. d4 cxd4 4. Nxd4 Nf6 5. Nc3 Nc6 6. Ndb5 d6 7. Bf4 e5 8. Bg5 a6 9. Bxf6 gxf6 10. Na3 b5 11. Nd5 Bg7 12. c3 f5 13. exf5 Bxf5 14.
Nc2 O-O 15. Nce3 Be6 16. Bd3 f5 17. Qh5 e4 18. Bc2 Ra7 19. Nf4 Bf7 20. Qxf5 Re7 21.
Qg4 Ne5 22. Qg3 Ng6 23. Nf5 Be5 24. Nxe7+ Qxe7 25. Nxg6 Bxg6 26. Qe3 b4 27. O-O bxc3 28. bxc3 Rc8 29. Rac1 Kg7 30. Bb3 Qf6 31. Qh3 Rc7 32. Bd5 Bxc3 33. Qe6 Qxe6 34. Bxe6 Kf6 35. Bd5 Ke5 36.
Rfd1 Rc5 37. Bb3 d5 38. Kf1 d4 39. f3 d3 40. fxe4 Bxe4 41. Kf2 Kd4 42. g4 d2 43.
Rb1 Bxb1 44. Rxb1 Kd3 45. Rd1 Re5 46. Kf3 Re1 47. h4 Re3+ 48. Kf2 Bd4 49. Kf1 Rf3+ 50. Kg2 Rf2+ 51. Kg3 Re2 52. Kf3 Re3+ 53. Kg2 Kc3 54. Kf1 Kd3 55. g5 Bc3 56. Kf2 Bd4 57. Kf1 Bc3 58.
Kf2 Bd4 59. Kf1 1/2-1/2

[Event "Early-Titled-Tuesday-Blitz-May-28-2024"]
[Site "Chess.com"]
[Date "2024.05.28"]
[Round "4"]
[White "Kostya0705"]
[Black "Thunderbolt135"]
[Result "0-1"]
[WhiteElo "2586"]
[BlackElo "2872"]
[TimeControl "180+1"]
[EndTime "8:40:44 PDT"]
[Termination "Thunderbolt135 won by resignation"]

1. e4 c5 2. Nf3 e6 3. d4 cxd4 4. Nxd4 a6 5. Nc3 Qc7 6. Be3 b6 7. Qd2 Bb7 8. O-O-O Nf6 9. f3 d6 10.
g4 b5 11. g5 Nfd7 12. h4 Nc6 13. a3 Nde5 14. f4 Nxd4 15. Bxd4 Nf3 16. Qe3 Nxd4 17. Qxd4 Qc5 18. Qd3 Rc8 19. Kb1 Be7 20. h5 b4 21.
axb4 Qxb4 22. Bg2 Rb8 23. b3 a5 24. g6 fxg6 25. hxg6 h6 26. Na2 Qc5 27. Bh3 Bc8 28. Qf3 O-O 29. Rd3 a4 30. b4 Rxb4+ 31. Nxb4 Qxb4+ 32. Kc1 Bg5 33. fxg5 Rxf3 34. Rxf3 Qxe4 35. Rhf1 Qxg6 36.
Rf8+ Kh7 37. Rxc8 Qxg5+ 38. Kb1 Qb5+ 39. Ka1 Qe5+ 40. Kb1 a3 41. Rb8 Qe3 42. Rb3 a2+ 43. Kxa2 Qe2 44. Rc1 d5 45. Kb1 e5 46. Bf5+ Kg8 47. Bg6 Kf8 48. Rb7 Qc4 49. Bd3 Qc5 50. Rf1+ Ke8 51. Rxg7 Qb4+ 52. Kc1 e4 53. Be2 Qa3+ 54.
Kd1 Qa1+ 55. Kd2 Qxg7 56. Bh5+ Ke7 57. Ke2 Qg2+ 58. Rf2 Qg5 59. Rf7+ Ke6 0-1

[Event "Early-Titled-Tuesday-Blitz-May-28-2024"]
[Site "Chess.com"]
[Date "2024.05.28"]
[Round "4"]
[White "JaloliddinIlkhomi"]
[Black "DominguezOnYoutube"]
[Result "1/2-1/2"]
[WhiteElo "2796"]
[BlackElo "2992"]
[TimeControl "180+1"]
[EndTime "8:40:46 PDT"]
[Termination "Game drawn by stalemate"]

1. Nf3 Nf6 2. d4 d5 3. Bf4 e6 4. e3 c5 5. c3 Bd6 6. Bg3 Qc7 7.
Ne5 Nbd7 8. f4 cxd4 9. exd4 Ne4 10. Nd2 O-O 11. Bd3 f5 12. O-O b6 13. Qe2 Bb7 14. Rae1 a6 15. a4 Nxe5 16. fxe5 Be7 17. Nf3 Qd7 18. Qd1 Bc6 19. Bc2 b5 20. axb5 Bxb5 21. Bd3 Rfb8 22. Re2 Bxd3 23. Qxd3 Qb5 24. Qxb5 axb5 25.
Nd2 Nxd2 26. Rxd2 b4 27. Rc2 Rc8 28. Rfc1 bxc3 29. bxc3 Rc4 30. Be1 Rac8 31. Bd2 Kf7 32. Kf2 g5 33. Ke2 Kg6 34. Kd3 f4 35. Rb1 Kf5 36.
Rb7 R8c7 37. Rb8 Rc8 38. Rb7 R4c7 39. Rb6 h5 40. Ra2 Re8 41. Raa6 Bf8 42. Rc6 Rxc6 43. Rxc6 g4 44. Rc7 Be7 45. c4 dxc4+ 46. Rxc4 h4 47. d5 Bg5 48. d6 Kxe5 49. d7 Rd8 50. Rd4 Kf5 51. Ba5 Ra8 52. d8=Q Bxd8 53. Bxd8 Ra3+ 54. Ke2 Ra2+ 55. Rd2 Rxd2+ 56. Kxd2 g3 57. h3 f3 58. gxf3 g2 59. Bb6 Kf4 60. Ke2 Kg3 61. Bc7+ Kxh3 62.
Kf2 e5 63. Bxe5 g1=Q+ 64. Kxg1 1/2-1/2

[Event "Early-Titled-Tuesday-Blitz-May-28-2024"]
[Site "Chess.com"]
[Date "2024.05.28"]
[Round "4"]
[White "manitodeplomo"]
[Black "Mihajlovskij"]
[Result "1-0"]
[WhiteElo "2552"]
[BlackElo "2255"]
[TimeControl "180+1"]
[EndTime "8:40:46 PDT"]
[Termination "manitodeplomo won by resignation"]

1. d4 Nf6 2. c4 g6 3. Nc3 Bg7 4.
e4 d6 5. Be2 O-O 6. Nf3 Nc6 7. d5 Nb8 8. O-O c6 9. h3 cxd5 10. exd5 Na6 11. Be3 Nc5 12. Rc1 a5 13. b3 Nfe4 14. Nxe4 Nxe4 15. Bd4 e5 16. dxe6 Bxe6 17.
Bxg7 Kxg7 18. Qd4+ Nf6 19. Rfd1 d5 20. Ne5 dxc4 21.
Qb2 Qe7 22. Bxc4 Bxc4 23. Rxc4 Kg8 24. Rdc1 Rfe8 25. f4 Nd5 26. Rd4 Nxf4 27. Rxf4 Qxe5 28. Qxe5 Rxe5 29. Rc7 f5 30. Rd4 Rae8 31. Rdd7 h5 32.
Rg7+ Kh8 33. Rh7+ Kg8 34. Rcg7+ Kf8 35. Rxg6 Re1+ 36. Kh2 R1e2 37. Rxh5 Rxa2 38. Rxf5+ Ke7 39. Re5+ Kd8 40. Rxe8+ Kxe8 41. Rb6 Rb2 42. Rxb7 a4 43. b4 a3 44. Ra7 a2 45. b5 Kd8 46. b6 Kc8 47. h4 Kb8 48. h5 Rb5 49. g4 Rb4 50. Rxa2 Rxg4 51. Ra3 Kb7 52. Rh3 Kxb6 53. h6 Rg8 54. h7 Rh8 55. Kg3 Kc6 56. Kg4 Kd7 57. Kg5 Ke7 58. Kg6 Kf8 59. Rf3+ Ke7 60. Kg7 Rd8 61. h8=Q Rxh8 62. Kxh8 1-0

[Event "Early-Titled-Tuesday-Blitz-May-28-2024"]
[Site "Chess.com"]
[Date "2024.05.28"]
[Round "4"]
[White "NovakRatko"]
[Black "dmosesov"]
[Result "0-1"]
[WhiteElo "2382"]
[BlackElo "2648"]
[TimeControl "180+1"]
[EndTime "8:40:47 PDT"]
[Termination "dmosesov won on time"]

1. d4 Nf6 2. c4 e6 3. Bg5 h6 4. Bxf6 Qxf6 5. Nf3 Bb4+ 6. Nbd2 O-O 7. a3 Bxd2+ 8. Qxd2 d6 9. e4 Nc6 10. b4 Qg6 11.
Qd3 b6 12. Nh4 Qf6 13. Nf3 Bb7 14. Be2 a5 15. b5 Ne7 16. O-O Qg6 17. Nd2 f5 18. f3 Rad8 19. d5 e5 20. exf5 Nxf5 21. g4 Ne7 22. Ne4 Bc8 23. Kh1 Qf7 24. Bd1 Ng6 25.
Bc2 Nf4 26. Qd2 Qe7 27. Qf2 g6 28. Rae1 Kg7 29. Qg3 Rf7 30. Nc3 Rdf8 31. Be4 Bd7 32. h4 Kh8 33. Kh2 Rg7 34. Ne2 Qf6 35. Nxf4 exf4 36. Qf2 Re7 37. Kh3 Rfe8 38. Kh2 Kg7 39.
Qd2 Bc8 40. Qf2 Qc3 41. a4 Qxc4 42. Ra1 Kh7 43. Rfc1 Qb4 44. Qc2 Kg7 45. Qc3+ Qxc3 46. Rxc3 Rxe4 47. fxe4 Bxg4 48. Rxc7+ Kf6 49. Re1 g5 50.
Rc6 Ke5 51. Rxb6 Bf3 52. hxg5 hxg5 53. Kg1 g4 54. Kf2 Rh8 55. Rg1 Rh2+ 56. Ke1 g3 57.
Rb8 Re2+ 58. Kf1 Rd2 59. Re8+ Kd4 0-1

[Event "Early-Titled-Tuesday-Blitz-May-28-2024"]
[Site "Chess.com"]
[Date "2024.05.28"]
[Round "4"]
[White "bascheyaro"]
[Black "mishanick"]
[Result "1/2-1/2"]
[WhiteElo "2821"]
[BlackElo "3052"]
[TimeControl "180+1"]
[EndTime "8:40:49 PDT"]
[Termination "Game drawn by repetition"]

1. d4 Nf6 2. c4 e6 3. Nf3 d5 4. Bg5 dxc4 5. e3 b5 6. a4 c6 7. g3 Bb7 8. Bg2 Nbd7 9. O-O Be7 10.
Bxf6 Nxf6 11. b3 cxb3 12. Qxb3 a6 13. Ne5 Nd5 14. Rc1 Rc8 15. Nc3 O-O 16. Nxd5 exd5 17. axb5 axb5 18. Ra7 Qb6 19. Ra2 Rfd8 20. Rac2 Bd6 21.
Bh3 Rc7 22. Nd3 Ra8 23. Nc5 Bxc5 24. Rxc5 Re7 25. Bf1 g6 26. h4 h5 27. Bd3 Qa5 28.
Qd1 Kg7 29. Qf3 Re6 30. Qf4 Qd8 31. Qf3 Ra2 32. Qd1 Qa5 33. R5c2 Ra3 34. Bf1 Re8 35. Bh3 b4 36. Bd7 Rb8 37. Rc5 Qa4 38. Qf3 b3 39.
Qf4 b2 40. Qe5+ Kh7 41. Qxb8 Ra1 42. Qf8 Rxc1+ 43. Kg2 Rg1+ 44. Kxg1 b1=Q+ 45. Kh2 Qa8 46. Qxf7+ Kh6 47. Qf4+ Kh7 48. Qf7+ Kh6 49. Qf4+ Kg7 50.
Qe5+ Kg8 51. Qe6+ Kh7 52. Qe7+ Kh8 53. Qf6+ Kh7 54. Qe7+ Kg8 55. Be6+ Kh8 56. Qf6+ Kh7 57. Qe7+ Kh6 58. Qg5+ Kg7 59. Qe7+ Kh8 60. Qf6+ Kh7 61. Qe7+ Kh6 62. Qg5+ Kg7 63. Qe7+ Kh8 1/2-1/2

[Event "Early-Titled-Tuesday-Blitz-May-28-2024"]
[Site "Chess.com"]
[Date "2024.05.28"]
[Round "4"]
[White "jup1978"]
[Black "SoyuzTM4"]
[Result "1/2-1/2"]
[WhiteElo "2412"]
[BlackElo "2217"]
[TimeControl "180+1"]
[EndTime "8:40:49 PDT"]
[Termination "Game drawn by repetition"]

1. e4 c5 2. Nf3 d6 3. Bb5+ Nd7 4.
d4 cxd4 5. Qxd4 a6 6. Bxd7+ Qxd7 7. Nc3 Nf6 8. Bg5 h6 9. Bxf6 gxf6 10. O-O-O b5 11. e5 dxe5 12. Qe4 Qb7 13. Nd5 Bg7 14. Nh4 e6 15. Nc7+ Qxc7 16. Qxa8 O-O 17. Qf3 f5 18. g4 e4 19. Qg2 Qe5 20. c3 b4 21. gxf5 Qf4+ 22. Kc2 Qxh4 23. Rhg1 Qf6 24.
Qxe4 bxc3 25. b3 e5 26. Kxc3 Bxf5 27. Qd5 e4+ 28. Kb4 Rb8+ 29. Ka4 a5 30. Qd6 Rb4+ 31.
Kxa5 Qc3 32. Rxg7+ Kxg7 33. Rg1+ Bg6 34. Qxb4 Qc7+ 35. Qb6 Qxh2 36. Qd4+ Kh7 37. Rg3 Qh1 38. Ka4 h5 39. Qe3 Qa1 40. a3 Qe5 41. b4 h4 42. Rh3 Qf6 43. Qg3 Qc6+ 44. Kb3 Qd5+ 45. Kb2 Qd2+ 46. Kb3 Qd5+ 47. Ka4 Qa8+ 48. Kb5 Qb7+ 49.
Kc5 Qc8+ 50. Kd6 Qd8+ 51. Ke5 Qe7+ 52. Kf4 Qd6+ 53. Kg5 Qe7+ 54. Kg4 f5+ 55. Kf4 Qd6+ 56. Ke3 Qd3+ 57. Kf4 Qd6+ 58. Kg5 Qe7+ 59. Kf4 Qd6+ 1/2-1/2